 Dungeon Crawl Stone Soup version 0.28-a0-779-g3d1f99b579 (webtiles) character file.

Game seed: 6313049647952476247

151 ders the Skirmisher (level 5, -1/34 HPs)
             Began as a Gargoyle Fighter on Nov 2, 2021.
             Slain by a killer bee zombie (4 damage)
             ... on level 6 of the Dungeon.
             The game lasted 00:05:07 (2710 turns).

ders the Skirmisher (Gargoyle Fighter)              Turns: 2710, Time: 00:05:08

Health: -1/34      AC: 11    Str: 20    XL:     5   Next: 33%
Magic:  6/6        EV:  9    Int:  9    God:
Gold:   90         SH:  4    Dex:  9    Spells: 4/6 levels left

rFire   . . .      SeeInvis .   d - +0 morningstar
rCold   . . .      Faith    .   c - +0 buckler
rNeg    + . .      Spirit   .   b - +1 scale mail
rPois   ∞          Reflect  .   (no helmet)
rElec   +          Harm     .   (no cloak)
rCorr   .          Rampage  .   (no gloves)
Will    .....                   (no boots)
Stlth   ..........              (no amulet)
HPRegen 0.11/turn               (no ring)
MPRegen 0.10/turn               (no ring)

@: no status effects
A: sickness immunity, AC +4, negative energy resistance 1, electricity
resistance, torment resistance 1, petrification resistance
a: no special abilities


You were on level 6 of the Dungeon.
You visited 1 branch of the dungeon, and saw 5 of its levels.

You collected 90 gold pieces.

Inventory:

Hand Weapons
 a - a +0 flail
 d - a +0 morningstar (weapon)
Armour
 b - a +1 scale mail (worn)
 c - a +0 buckler (worn)
Scrolls
 e - a scroll of enchant armour
 f - a scroll of identify {unknown}
 h - a scroll of fog {unknown}
 i - a scroll of noise {unknown}
 k - a scroll of blinking {unknown}


   Skills:
 * Level 4.6 Fighting
 * Level 3.6 Maces & Flails
 - Level 3.2 Armour
 - Level 3.2 Shields
 * Level 1.2 Spellcasting
 * Level 1.2 Translocations


You had 4 spell levels left.
You knew the following spells:

 Your Spells              Type           Power      Damage    Failure   Level
a - Blink                 Tloc           4%         N/A       69%         2

Your spell library contained the following spells:

 Spells                   Type           Power      Damage    Failure   Level
 Lesser Beckoning         Tloc           2%         N/A       89%         3
 Manifold Assault         Tloc           2%         N/A       100%        5
 Malign Gateway           Summ/Tloc      0%         N/A       100%        7
 Summon Horrible Things   Summ           0%         N/A       100%        8


Dungeon Overview and Level Annotations

Branches:
Dungeon (6/15)
 Temple: D:4-7

Altars:
Wu Jian


Innate Abilities, Weirdness & Mutations

You are immune to sickness and miasma.
Your stone body is resilient. (AC +4)
You are immune to poison.
You resist negative energy. (rN+)
You are resistant to electric shocks. (rElec)
You are resistant to unholy torment.
You are immune to petrification.


Message History

The bullfrog skeleton is moderately damaged.
The bullfrog skeleton closely misses you.
The bullfrog skeleton barely misses you.
You puncture the bullfrog skeleton!
The bullfrog skeleton is severely damaged.
The bullfrog skeleton barely misses you.
The bullfrog skeleton hits you but does no damage.
You puncture the bullfrog skeleton!
You destroy the bullfrog skeleton!
You start resting.
A killer bee zombie comes into view.
You miss the killer bee zombie.
The killer bee zombie hits you but does no damage.
The killer bee zombie hits you.
* * * LOW HITPOINT WARNING * * *
You closely miss the killer bee zombie.
The killer bee zombie hits you but does no damage.
The killer bee zombie closely misses you.
The killer bee zombie hits you but does no damage.
You completely miss the killer bee zombie.
The killer bee zombie hits you but does no damage. x2
An orc comes into view. It is wielding a +0 falchion.
The orc shouts!
You hit the killer bee zombie.
The killer bee zombie is lightly damaged.
The killer bee zombie closely misses you.
The killer bee zombie barely misses you.
The killer bee zombie hits you.
* * * LOW HITPOINT WARNING * * *
You closely miss the killer bee zombie.
The killer bee zombie is lightly damaged.
The killer bee zombie barely misses you.
The killer bee zombie hits you but does no damage.
You closely miss the killer bee zombie.
The killer bee zombie is lightly damaged.
The killer bee zombie hits you.
* * * LOW HITPOINT WARNING * * *
The killer bee zombie hits you but does no damage.
The killer bee zombie hits you.
You die...

+#########
.........#
.........#
.........#
.........#
.........#
.....o...#
.......Z@#
##########


You could see an orc and a killer bee zombie.

Vanquished Creatures
  A hound (D:6)
  A bullfrog skeleton (D:6)
  A howler monkey skeleton (D:6)
  An adder (D:3)
  A dart slug (D:2)
  6 orcs
  4 endoplasms
  3 giant cockroaches
  8 goblins
  4 hobgoblins
  9 jackals
  6 kobolds
  6 ball pythons
  3 bats
  5 frilled lizards
  3 rats
62 creatures vanquished.

Notes
Turn   | Place    | Note
-------+----------+-------------------------------------------
     0 | D:1      | ders the Gargoyle Fighter began the quest for the Orb.
     0 | D:1      | Reached XP level 1. HP: 14/14 MP: 1/1
    40 | D:1      | Reached XP level 2. HP: 19/19 MP: 2/2
   590 | D:1      | Reached XP level 3. HP: 24/24 MP: 3/3
   706 | D:1      | Reached skill level 4 in Fighting
   957 | D:1      | Found a faded altar of an unknown god.
  1322 | D:2      | Found an ornate altar of the Wu Jian Council.
  1616 | D:2      | Learned a level 2 spell: Blink
  1794 | D:2      | Reached XP level 4. HP: 10/29 MP: 4/4
  2300 | D:3      | You fall into a shaft and drop 2 floors!
  2300 | D:5      | Entered Level 5 of the Dungeon
  2314 | D:5      | Noticed a black bear
  2380 | D:6      | Reached skill level 1 in Spellcasting
  2632 | D:6      | Reached skill level 1 in Translocations
  2666 | D:6      | Noticed a two-headed ogre
  2682 | D:6      | Reached XP level 5. HP: 13/34 MP: 6/6
  2710 | D:6      | Slain by a killer bee zombie

Illustrated notes

Levels and vault maps discovered:
D:1:      mainiacjoe_arrival_reflecting_pool, layout_rooms, serial_bayou,
          serial_bayou_pond_e, serial_bayou_shore_a, serial_bayou_shore_b,
          serial_bayou_pond_b, shapermc_ecumenical_altar_mp_urbaneastern
D:2:      layout_basic, basic_altar
D:3:      layout_loops_ring
D:5:      minmay_razor_zed, layout_basic, nicolae_ru_the_path_less_chosen
D:6:      minmay_cornered_nines, layout_basic, serial_shops, shop_coins,
          nicolae_ossuary_entry_ruins

Skill      XL: |  1  2  3  4 |
---------------+-------------+-----
Fighting       | 4 |  4.6
Maces & Flails | 3 |  3.6
Spellcasting   | 1 |  1.2
Translocations | 1 |  1.2
Armour         | |  3.2
Shields        | |  3.2

Action                   |  1- 3 |  4- 6 || total
-------------------------+-------+-------++-------
Melee: Flail             |   135 |    42 ||   177
       Morningstar       |       |    14 ||    14
  Use: Potion            |     1 |     1 ||     2
       Scroll            |       |     3 ||     3
Armor: Scale mail        |    98 |    51 ||   149
Dodge: Dodged            |    87 |    39 ||   126
Block: Buckler           |    37 |    19 ||    56

Table legend: (Time is in decaauts)
 A = Elapsed time spent in this place.
 B = Non-inter-level travel time spent in this place.
 C = Inter-level travel time spent in this place.
 D = Time resting spent in this place.
 E = Time spent auto-exploring this place.
 F = Levels seen in this place.
 G = Mean time per level.
                   A        B        C        D        E       F      G
               +--------+--------+--------+--------+--------+-----+--------+
         Total |   2786 |   2758 |     28 |   1092 |   1021 |   5 |  557.2 |
       Dungeon |   2786 |   2758 |     28 |   1092 |   1021 |   5 |  557.2 |
               +--------+--------+--------+--------+--------+-----+--------+

Top non-repeatable levels by time:
     D:1: 1119 daAuts
     D:2: 992 daAuts
     D:6: 343 daAuts
     D:3: 258 daAuts
     D:5: 72 daAuts
